 Dungeon Crawl Stone Soup version 0.27-a0-346-ga689d4a613 (webtiles) character file.

Game seed: 17111956182303579460

11 wampuh the Firebug (level 2, -7/20 HPs)
             Began as a Gnoll Fire Elementalist on Feb 15, 2021.
             Mangled by a gnoll
             ... wielding a +0 club
              (8 damage)
             ... on level 1 of the Dungeon.
             The game lasted 00:02:29 (710 turns).

wampuh the Firebug (Gnoll Fire Elementalist)         Turns: 710, Time: 00:02:30

Health: -7/20      AC:  2    Str:  7    XL:     2   Next: 25%
Magic:  4/7        EV: 13    Int: 14    God:
Gold:   24         SH:  0    Dex: 12    Spells: 9/10 levels left

rFire    . . .     SeeInvis .   b - +0 dagger
rCold    . . .     Faith    .   (no shield)
rNeg     . . .     Spirit   .   d - +0 robe
rPois    .         Reflect  .   (no helmet)
rElec    .         Harm     .   (no cloak)
rCorr    .         Rampage  .   (no gloves)
Will     .....                  (no boots)
Stlth    ++........             (no amulet)
HPRegen  0.06/turn              (no ring)
MPRegen  0.10/turn              (no ring)

@: no status effects
A: distributed training, fangs 1, strong nose
a: no special abilities


You were on level 1 of the Dungeon.
You visited 1 branch of the dungeon, and saw 1 of its levels.

You collected 24 gold pieces.

Inventory:

Hand Weapons
 a - a +0 hunting sling
 b - a +0 dagger (weapon)
Missiles
 g - 18 sling bullets
Armour
 d - a +0 robe (worn)
Scrolls
 f - a scroll of identify {unknown}
 h - a scroll of enchant armour {unknown}
Potions
 c - a potion of curing {unknown}
 e - a potion of might {unknown}
 i - a potion of magic {unknown}
 j - a potion of berserk rage {unknown}


   Skills:
 + Level 0.3 Fighting
 + Level 0.3 Short Blades
 + Level 0.3 Long Blades
 + Level 0.3 Axes
 + Level 0.3 Maces & Flails
 + Level 0.3 Polearms
 + Level 0.3 Staves
 + Level 0.3 Slings
 + Level 0.3 Bows
 + Level 0.3 Crossbows
 + Level 0.3 Throwing
 + Level 0.3 Armour
 + Level 4.4 Dodging
 + Level 4.0 Stealth
 + Level 0.3 Shields
 + Level 0.3 Unarmed Combat
 + Level 4.9 Spellcasting
 + Level 2.0 Conjurations
 + Level 0.2 Hexes
 + Level 0.2 Summonings
 + Level 0.2 Necromancy
 + Level 0.2 Translocations
 + Level 0.2 Transmutations
 + Level 5.3 Fire Magic
 + Level 0.2 Ice Magic
 + Level 0.2 Air Magic
 + Level 0.2 Earth Magic
 + Level 0.2 Poison Magic
 + Level 0.4 Invocations
 + Level 0.3 Evocations


You had 9 spell levels left.
You knew the following spells:

 Your Spells              Type           Power        Failure   Level
a - Foxfire               Conj/Fire      52%          3%          1

Your spell library contained the following spells:

 Spells                   Type           Power        Failure   Level
 Conjure Flame            Conj/Fire      13%          12%         3
 Inner Flame              Hex/Fire       11%          17%         3
 Sticky Flame             Conj/Fire      13%          36%         4
 Fireball                 Conj/Fire      6%           71%         5


Dungeon Overview and Level Annotations

Branches:
Dungeon (1/15)

Altars:


Innate Abilities, Weirdness & Mutations

Your experience applies equally to all skills.
You have very sharp teeth.
Your uncanny sense of smell can sniff out nearby items.


Message History

Found 20 stones.
You barely miss the rat. The rat barely misses you.
You barely miss the rat. The rat closely misses you.
You hit the rat.
The rat is heavily wounded.
The rat bites you.
You hit the rat.
You kill the rat!
No target in view!
No target in view!
You see here a rat corpse.
You see here 20 stones.
There is a stone staircase leading down here.
j - a pink potion A gnoll comes into view.
It is wielding a +0 club.
The gnoll shouts!
The gnoll moves out of view.
Found a club.
The gnoll hits you with a +0 club.
You barely miss the gnoll. Your bite misses the gnoll.
The gnoll hits you with a +0 club!
You are too injured to fight recklessly!
Casting: Foxfire (safe; 3% risk of failure)
Confirm with . or Enter, or press ? or * to list all spells.
You conjure some foxfire!
The gnoll misses you.
The foxfire hits the gnoll but does no damage.
The foxfire hits the gnoll.
The gnoll is moderately wounded.
Casting: Foxfire (safe; 3% risk of failure)
Confirm with . or Enter, or press ? or * to list all spells.
You conjure some foxfire!
The gnoll hits you with a +0 club!
* * * LOW HITPOINT WARNING * * *
The foxfire hits the gnoll.
The gnoll is moderately wounded.
The foxfire hits the gnoll.
The gnoll is heavily wounded.
Casting: Foxfire (safe; 3% risk of failure)
Confirm with . or Enter, or press ? or * to list all spells.
You conjure some foxfire!
The gnoll hits you with a +0 club!
You die...

...............#
#####.#.###.####
##.## #.# ######.#
#.# #......# #.# ##
#.###### #.#### ..
##.##### #.##..
#.##v.....###
#.....
#.@g...)...........
∆ ##v.......... ##.
#.........###
#.##...###.# #.
##.## .# # ... #
#.## #.#


You could see a gnoll (ally target).

Vanquished Creatures
  A ball python (D:1)
  3 hobgoblins (D:1)
  A kobold (D:1)
  2 bats (D:1)
  2 frilled lizards (D:1)
  A goblin (D:1)
  A rat (D:1)
11 creatures vanquished.

Vanquished Creatures (others)
  6 foxfires (D:1)
6 creatures vanquished.

Grand Total: 17 creatures vanquished

Notes
Turn   | Place    | Note
-------+----------+-------------------------------------------
     0 | D:1      | wampuh the Gnoll Fire Elementalist began the quest for the
                  | Orb.
     0 | D:1      | Reached XP level 1. HP: 13/13 MP: 6/6
   397 | D:1      | Reached XP level 2. HP: 17/19 MP: 7/7
   707 | D:1      | HP: 1/20 [gnoll/+0 club (8)]
   710 | D:1      | Mangled by a gnoll

Illustrated notes

Levels and vault maps discovered:
D:1:      dpeg_arrival_refuge, layout_loops_ring

Skill      XL: |  1 |
---------------+----+-----
Conjurations   | 2 |  2.0
Fighting       | |  0.3
Short Blades   | |  0.3
Long Blades    | |  0.3
Axes           | |  0.3
Maces & Flails | |  0.3
Polearms       | |  0.3
Staves         | |  0.3
Slings         | |  0.3
Bows           | |  0.3
Crossbows      | |  0.3
Throwing       | |  0.3
Armour         | |  0.3
Dodging        | |  4.4
Stealth        | |  4.0
Shields        | |  0.3
Unarmed Combat | |  0.3
Spellcasting   | |  4.9
Hexes          | |  0.2
Summonings     | |  0.2
Necromancy     | |  0.2
Translocations | |  0.2
Transmutations | |  0.2
Fire Magic     | |  5.3
Ice Magic      | |  0.2
Air Magic      | |  0.2
Earth Magic    | |  0.2
Poison Magic   | |  0.2
Invocations    | |  0.4
Evocations     | |  0.3

Action                   || total
-------------------------++-------
Melee: Dagger            ||    37
 Fire: Hunting sling     ||     8
 Cast: Foxfire           ||     4
Armor: Robe              ||    13
Dodge: Dodged            ||    23

Table legend: (Time is in decaauts)
 A = Elapsed time spent in this place.
 B = Non-inter-level travel time spent in this place.
 C = Inter-level travel time spent in this place.
 D = Time resting spent in this place.
 E = Time spent auto-exploring this place.
 F = Levels seen in this place.
 G = Mean time per level.
                   A        B        C        D        E       F      G
               +--------+--------+--------+--------+--------+-----+--------+
         Total |    706 |    706 |      0 |    198 |    364 |   1 |  706.0 |
       Dungeon |    706 |    706 |      0 |    198 |    364 |   1 |  706.0 |
               +--------+--------+--------+--------+--------+-----+--------+

Top non-repeatable levels by time:
     D:1: 706 daAuts
